 Dungeon Crawl Stone Soup version 0.22-a0-406-g9ff8d77 (webtiles) character file.

176932 dstrtnsr the Pandemonic (level 16, -1/150 HPs)
             Began as a Deep Dwarf Fighter on May 8, 2018.
             Was a High Priest of Makhleb.
             Slain by a titanic slime creature (73 damage)
             ... summoned by a boggart
             ... on level 3 of the Vaults.
             The game lasted 00:38:56 (16010 turns).

dstrtnsr the Pandemonic (Deep Dwarf Fighter)       Turns: 16010, Time: 00:38:57

Health: -1/150     AC: 30    Str: 33    XL:     16   Next: 95%
Magic:  0/12       EV: 13    Int:  6    God:    Makhleb [*****.]
Gold:   679        SH: 15    Dex: 20    Spells: 15/15 levels left

rFire    + . .     SeeInvis .   q - +2 broad axe (freeze)
rCold    + . .     Gourm    .   o - +0 shield
rNeg     + + .     Faith    .   g - +4 plate armour {rC+}
rPois    +         Spirit   +   j - +2 helmet
rElec    +         Reflect  .   O - +0 cloak
rCorr    .         Harm     .   K - +0 pair of gloves
MR       ++...                  p - +2 pair of boots
Stlth    ..........             H - amulet of Xom's Fair Game {Spirit rElec rPois rN+ Dex+2}
HPRegen  0.00/turn              l - ring "Vyppea" {+Fly Str+6 Int-3 Dex+6}
MPRegen  0.13/turn              f - ring of protection from fire

@: non-regenerating
A: damage resistance, heal wounds, negative energy resistance 1, sense
surroundings 2, no regeneration
}: 2/15 runes: barnacled, gossamer
a: Heal Wounds, Minor Destruction, Lesser Servant of Makhleb, Major Destruction,
Greater Servant of Makhleb, Renounce Religion, Evoke Flight


You were on level 3 of the Vaults.
You worshipped Makhleb.
Makhleb was extremely pleased with you.
You were full.

You visited 7 branches of the dungeon, and saw 35 of its levels.

You collected 2313 gold pieces.
You spent 1634 gold pieces at shops.

Inventory:

Hand Weapons
 a - a +2 vampiric war axe
 q - a +2 broad axe of freezing (weapon)
Missiles
 r - 4 throwing nets (quivered)
Armour
 g - a +4 plate armour of cold resistance (worn)
 j - a +2 helmet (worn)
 o - a +0 shield (worn)
 p - a +2 pair of boots (worn)
 K - a +0 pair of gloves (worn)
 O - a +0 cloak (worn)
Jewellery
 f - a ring of protection from fire (right hand)
 l - the ring "Vyppea" (left hand) {+Fly Str+6 Int-3 Dex+6}
   (You bought it in a shop on level 2 of the Orcish Mines)

   [ring of flight]

   It affects your strength (+6).
   It affects your intelligence (-3).
   It affects your dexterity (+6).
   It lets you fly.
 v - an uncursed ring of protection from fire
 H - the amulet of Xom's Fair Game (around neck) {Spirit rElec rPois rN+ Dex+2}
   (You found it on level 6 of the Lair of Beasts)

   [amulet of guardian spirit]

   It causes incoming damage to be split between your health and magic.
   It affects your dexterity (+2).
   It insulates you from electricity.
   It protects you from poison.
   It protects you from negative energy.
Wands
 C - a wand of acid (19)
 E - a wand of enslavement (18)
 I - a wand of iceblast (16)
 M - a wand of polymorph (13)
 P - a wand of paralysis (14)
 V - a wand of digging (6)
Scrolls
 c - a scroll of brand weapon
 i - 10 scrolls of teleportation {!d}
 k - 2 scrolls of amnesia
 m - a scroll of blinking
 n - 4 scrolls of fog
 s - 2 scrolls of immolation
 u - a scroll of identify {@r1}
 w - 3 scrolls of vulnerability
 z - 10 scrolls of remove curse {@r2}
 D - a scroll of magic mapping
 F - 4 scrolls of fear
 J - a scroll of holy word
 Q - a scroll of summoning {unknown}
Potions
 b - 7 potions of ambrosia
 d - 3 potions of might
 h - 7 potions of curing {@qq}
 t - 3 potions of lignification
 y - 6 potions of mutation
 A - 4 potions of agility {unknown}
 B - a potion of berserk rage
 L - 3 potions of cancellation
 N - a potion of resistance {unknown}
 R - a potion of magic {unknown}
Comestibles
 e - 12 rations {!d}


   Skills:
 + Level 11.0 Fighting
 * Level 16.9 Axes
 + Level 12.7 Armour
 + Level 7.0 Dodging
 + Level 12.8 Shields
 * Level 18.6 Invocations
 - Level 10.0 Evocations


You had 15 spell levels left.
You didn't know any spells.

Dungeon Overview and Level Annotations

Branches:
Dungeon (15/15)            Temple (1/1) D:4            Lair (6/6) D:8
 Shoals (4/4) Lair:2       Spider (4/4) Lair:4        Slime (0/5) Lair:6
    Orc (2/2) D:11            Elf (0/3) Orc:2        Vaults (3/5) D:14
 Depths (0/5) D:15
  Crypt: Vaults:2-3

Altars:
Ashenzari
Cheibriados
Dithmenos
Elyvilon
Fedhas
Gozag
Hepliaklqana
Kikubaaqudgha
Makhleb
Nemelex Xobeh
Okawaru
Qazlal
Ru
Sif Muna
Trog
Uskayaw
Vehumet
Wu Jian
Xom
Yredelemnul
Zin
The Shining One

Shops:
D:4 *(?   D:11 (   Orc:2 [(=*

Annotations:
Lair:3 exclusion: oklob plant
Lair:6 exclusion: 3 oklob plants
Shoals:4 Ilsuiw


Innate Abilities, Weirdness & Mutations

You are resistant to damage.
You can heal yourself by infusing magical energy.
You resist negative energy. (rN+)
You passively map the area around you.
You do not regenerate.


Message History

You are too injured to fight recklessly!
You are too injured to fight recklessly!
Unknown command.
You feel much better.
Your magical essence is drained by the effort!
You feel much better.
The two-headed ogre hits you with a giant club! x2
Unknown command.
You slash the two-headed ogre! You freeze the two-headed ogre!
The two-headed ogre is severely wounded.
You block the two-headed ogre's attack. x2
Unknown command.
You slice the two-headed ogre!! You freeze the two-headed ogre.
You kill the two-headed ogre!
Makhleb accepts your kill.
You feel better.
Your Dodging skill increases to level 7!
Unknown command.
Unknown command.
You hit the two-headed ogre but do no damage.
The two-headed ogre misses you. The two-headed ogre barely misses you.
Unknown command.
Your shield and plate armour prevent you from hitting the two-headed ogre.
Unknown command.
You barely miss the two-headed ogre.
The two-headed ogre hits you with a giant club.
The two-headed ogre barely misses you.
Unknown command.
You barely miss the two-headed ogre.
The two-headed ogre hits you but does no damage.
The two-headed ogre hits you with a giant club!
Unknown command.
You slice the two-headed ogre!! You freeze the two-headed ogre.
The two-headed ogre is heavily wounded.
Unknown command.
You hit the two-headed ogre. You freeze the two-headed ogre.
The two-headed ogre is heavily wounded.
The two-headed ogre closely misses you. x2
The boggart casts a spell.
Unknown command.
Unknown command.
You slash the two-headed ogre! You freeze the two-headed ogre.
The two-headed ogre is severely wounded.
The orc warrior dissolves into shadows!
The two-headed ogre hits you but does no damage.
You block the two-headed ogre's attack.
Unknown command.
You hit the two-headed ogre. You freeze the two-headed ogre.
The two-headed ogre is almost dead.
A slime creature suddenly disappears!
Two slime creatures merge to form a large slime creature.
You slice the two-headed ogre!! You freeze the two-headed ogre.
You kill the two-headed ogre!
The two-headed ogre's corpse dissolves into shadows!
Unknown command.
You slice the two-headed ogre!! You freeze the two-headed ogre.
The two-headed ogre is moderately wounded.
Two slime creatures merge to form a very large slime creature.
The two-headed ogre barely misses you. x2
Unknown command.
You slice the two-headed ogre!! You freeze the two-headed ogre!
The two-headed ogre is almost dead.
The boggart gestures wildly while chanting.
The boggart blinks!
Unknown command.
Unknown command.
You slice the two-headed ogre!! You freeze the two-headed ogre.
You kill the two-headed ogre!
The two-headed ogre's corpse dissolves into shadows!
You block the wolf spider's attack.
The wolf spider bites you but does no damage.
Unknown command.
You slice the wolf spider!! You freeze the wolf spider!
The wolf spider is severely wounded.
You block the wolf spider's attack. The wolf spider bites you!
Unknown command.
Unknown command.
You slice the wolf spider!! You freeze the wolf spider.
You kill the wolf spider!
The wolf spider's corpse dissolves into shadows!
Two slime creatures merge to form a titanic slime creature.
You slash the ogre! You freeze the ogre.
The ogre is heavily wounded.
The ogre hits you but does no damage.
Unknown command.
Unknown command.
You closely miss the ogre.
The ogre is heavily wounded.
Unknown command.
Unknown command.
You slash the ogre! You freeze the ogre.
You kill the ogre!
Makhleb accepts your kill.
You feel better.
Unknown command.
You slice the titanic slime creature!! You freeze the titanic slime creature.
The titanic slime creature is lightly wounded.
The boggart casts a spell.
The titanic slime creature hits you!!!!
You die...

, #.#...#......##### * ,#
#..g #.#...'......#....
#.#... #.....#......#....
,
#.#...*,#.#...#......#....
,, , ...oo*
#.#...#......#.... ,,
,#O.O #.#...#......#.... ,
, ,#...ยง
#.#..[#......#.... *
###..p#####...#......#....
,
#....ogCJ@....#......'....
*
##################'#######
##.#.#.#.#####
########..#.#.'..#...
#......###'.#.####...
#......#....#....'...
#......###'#####'#...
#...<..#....'....#...
#......###+.#.+++#...


You could see a fire giant, a titanic slime creature, an ironbrand convoker, a
boggart and an orc.

Vanquished Creatures
  3 ghost moths (Spider:4)
  3 emperor scorpions
  3 ironheart preservers
  An entropy weaver (Spider:1)
  A deep elf demonologist (Vaults:3)
  A deep elf annihilator (Vaults:3)
  Azrael (Spider:1)
  4 merfolk javelineers
  A deep elf death mage (Vaults:3)
  3 merfolk impalers
  2 ogre magi
  Harold (Orc:1)
  3 hydras
  2 merfolk avatars
  A rakshasa (D:15)
  The ghost of Daviar the Arsonist, a journeyman DEFE of Vehumet (D:12)
  2 deep troll shamans (Vaults:3)
  A death knight (D:15)
  2 dancing weapons (D:14)
  13 two-headed ogres
  5 merfolk aquamancers (Shoals:4)
  An orc high priest (Orc:2)
  4 slime creatures
  A deep elf knight (Vaults:3)
  Sonja (D:14)
  6 sea snakes
  2 unseen horrors
  2 deep trolls (Vaults:3)
  An ironbrand convoker (Vaults:3)
  A wizard (D:15)
  A necromancer (D:15)
  11 harpies
  5 deep elf magi
  2 orc knights (Orc:2)
  A wolf spider zombie (D:15)
  8 orb spiders
  3 orc sorcerers
  4 merfolk sirens
  2 moths of wrath
  4 cyclopes
  6 ugly things
  A manticore (Shoals:1)
  A salamander (shapeshifter) (D:14)
  8 wolf spiders
  A black mamba (Lair:6)
  A centaur zombie (D:15)
  11 elephants
  Joseph (D:8)
  A naga mage (D:15)
  17 spiny frogs
  3 water nymphs
  3 centaur skeletons
  2 gargoyles
  A spiny frog (shapeshifter) (D:13)
  3 kobold demonologists
  7 rime drakes
  9 demonic crawlers
  2 komodo dragons
  An efreet (D:15)
  4 trolls
  3 polar bears
  6 jumping spiders
  12 merfolk
  A wolf spider simulacrum (D:14)
  4 wind drakes
  3 tyrant leeches (Lair:6)
  A hornet (Spider:2)
  2 dream sheep (Shoals:1)
  9 hippogriffs
  15 blink frogs (Lair:6)
  4 snapping turtles (Shoals:4)
  7 water elementals
  19 redbacks
  2 centaur simulacra (D:15)
  10 wyverns
  8 tarantellas
  A fire elemental (Spider:1)
  A shadow (D:11)
  Grum (D:8)
  2 hungry ghosts
  4 vampire mosquitoes (Lair:6)
  5 basilisks
  34 yaks
  2 steam dragons
  2 wargs (Orc:2)
  Menkaure (D:7)
  Duvessa (D:5)
  3 hell hounds (Spider:1)
  An acid dragon (Vaults:2)
  13 water moccasins
  15 porcupines
  22 orc warriors
  3 black bears
  A sky beast (D:11)
  A meliai simulacrum (D:15)
  8 ice beasts (Lair:4)
  8 wolves
  A boggart (Vaults:3)
  An eye of draining (D:13)
  2 phantoms
  9 ogres
  7 crocodiles
  11 centaurs
  4 big kobolds
  Blork the orc (D:4)
  21 bullfrogs
  An elf skeleton (D:8)
  Dowan (D:5)
  A wyvern skeleton (D:6)
  A scorpion (D:9)
  A water moccasin skeleton (D:8)
  A human simulacrum (Vaults:3)
  2 electric eels
  4 wights (D:13)
  3 howler monkeys
  2 crimson imps
  5 hounds
  9 orc priests
  2 bullfrog skeletons
  4 jellies
  3 iguanas
  Natasha (thrice) (D:3)
  17 orc wizards
  6 worker ants
  A hound skeleton (D:11)
  A hound zombie (D:8)
  7 gnolls
  10 adders
  2 shadow imps
  An ooze (D:3)
  2 adder zombies
  A worm (D:2)
  A dart slug (D:3)
  5 leopard geckos
  67 orcs
  10 giant cockroaches
  4 goblins
  2 hobgoblins (D:1)
  3 jackals
  6 quokkas
  A ball python (D:4)
  8 kobolds
  2 kobold zombies (D:5)
  2 orc zombies (D:5)
  4 rats
  5 fungi
  7 plants
707 creatures vanquished.

Vanquished Creatures (collateral kills)
  Jorgrun (Shoals:4)
  3 emperor scorpions (Spider:4)
  2 merfolk impalers (Shoals:4)
  3 hydras
  A catoblepas (Lair:4)
  A merfolk aquamancer (Shoals:4)
  2 merfolk avatars (Shoals:4)
  A satyr (Shoals:4)
  A sea snake (Shoals:4)
  An unseen horror (D:13)
  6 harpies
  2 orc knights (Orc:2)
  2 orb spiders (Spider:4)
  3 wolf spiders (Spider:4)
  A water nymph (Shoals:4)
  7 elephants
  4 spiny frogs
  4 komodo dragons (Lair:4)
  4 rime drakes (Lair:4)
  4 merfolk (Shoals:4)
  4 jumping spiders
  A tyrant leech (Lair:6)
  A blink frog (Lair:6)
  3 hippogriffs
  A snapping turtle (Shoals:4)
  5 redbacks
  A tarantella (Spider:4)
  8 wyverns (Lair:4)
  2 basilisks (Lair:4)
  A yak (Lair:4)
  2 vampire mosquitoes (Lair:6)
  A porcupine (Lair:4)
  8 orc warriors (Orc:2)
  9 centaurs (Orc:2)
  A big kobold (D:9)
  4 bullfrogs (Lair:6)
  A wyvern zombie (D:12)
  2 electric eels
  2 orc priests (Orc:2)
  2 orc wizards
  2 orcs (Orc:2)
114 creatures vanquished.

Vanquished Creatures (others)
  A merfolk aquamancer (Shoals:4)
  An unseen horror (D:15)
  A harpy (Shoals:4)
  A water nymph (Shoals:4)
  A demonic crawler (Spider:4)
  A water elemental (Shoals:4)
  An orc warrior (D:6)
  4 orcs
  12 fungi
  33 plants
56 creatures vanquished.

Grand Total: 877 creatures vanquished

Notes
Turn   | Place    | Note
-------+----------+-------------------------------------------
     0 | D:1      | dstrtnsr the Deep Dwarf Fighter began the quest for the Orb.
     0 | D:1      | Reached XP level 1. HP: 20/20 MP: 1/1
   102 | D:1      | Reached XP level 2. HP: 25/27 MP: 2/2
   270 | D:2      | Reached XP level 3. HP: 19/33 MP: 3/3
   322 | D:3      | HP: 12/34 [gnoll/spear (4)]
   459 | D:3      | Noticed an ogre
   466 | D:3      | Killed an ogre
   466 | D:3      | Reached XP level 4. HP: 21/42 MP: 4/4
   466 | D:3      | Reached XP level 5. HP: 25/49 MP: 5/5
   564 | D:3      | Noticed Natasha
   567 | D:3      | HP: 19/49 [Natasha (6)]
   582 | D:3      | Killed Natasha
   590 | D:3      | Noticed Natasha
   598 | D:3      | Killed Natasha
   621 | D:3      | Noticed Natasha
   624 | D:3      | HP: 19/49 [Natasha (2)]
   627 | D:3      | Killed Natasha
   635 | D:4      | Found Jesm's Antique Weapon Shoppe.
   695 | D:4      | Reached XP level 6. HP: 50/56 MP: 6/6
   707 | D:4      | Found Ekhotim's General Store.
   717 | D:4      | Bought a scroll of immolation for 49 gold pieces
   717 | D:4      | Bought a scroll of remove curse for 42 gold pieces
   817 | D:4      | Found Hala's Magic Scroll Shoppe.
   822 | D:4      | Bought a scroll of teleportation for 33 gold pieces
   941 | D:4      | Reached skill level 5 in Axes
   978 | D:4      | Found a staircase to the Ecumenical Temple.
  1011 | D:4      | Noticed Blork the orc
  1019 | D:4      | HP: 20/57 [Blork the orc/halberd (4)]
  1024 | D:4      | Killed Blork the orc
  1035 | Temple   | Entered the Ecumenical Temple
  1134 | Temple   | Became a worshipper of Makhleb the Destroyer
  1186 | D:5      | Entered Level 5 of the Dungeon
  1421 | D:5      | Noticed Dowan
  1422 | D:5      | Noticed Duvessa
  1448 | D:5      | HP: 18/57 [Duvessa/short sword (5)]
  1453 | D:5      | Killed Duvessa
  1453 | D:5      | Reached skill level 5 in Shields
  1453 | D:5      | Reached XP level 7. HP: 54/64 MP: 6/6
  1460 | D:5      | Killed Dowan
  1460 | D:5      | Reached skill level 5 in Armour
  1635 | D:6      | HP: 19/64 [wyvern skeleton (11)]
  1640 | D:6      | HP: 18/64 [orc warrior/dire flail (10)]
  1643 | D:6      | Reached skill level 1 in Invocations
  1646 | D:6      | HP: 24/64 [orc warrior/dire flail (13)]
  1656 | D:6      | HP: 26/66 [orc wizard/puff of frost (1)]
  1661 | D:6      | Reached skill level 2 in Invocations
  1757 | D:6      | Reached * piety under Makhleb
  1798 | D:6      | HP: 25/66 [hound (2)]
  1801 | D:6      | Reached XP level 8. HP: 66/73 MP: 5/7
  1868 | D:6      | Reached skill level 3 in Invocations
  2222 | D:7      | Noticed Menkaure
  2227 | D:7      | Killed Menkaure
  2315 | D:7      | Reached skill level 4 in Invocations
  2404 | D:7      | Found an opulent altar of Gozag.
  2583 | D:7      | Reached skill level 5 in Fighting
  2583 | D:7      | Reached skill level 5 in Invocations
  2745 | D:8      | Noticed Joseph
  2787 | D:8      | Killed Joseph
  2787 | D:8      | Reached skill level 6 in Invocations
  2787 | D:8      | Gained mutation: You passively map the area around you. [Deep Dwarf growth]
  2787 | D:8      | Reached XP level 9. HP: 55/81 MP: 9/9
  2860 | D:8      | Noticed a two-headed ogre
  2878 | D:8      | Killed a two-headed ogre
  2878 | D:8      | Reached skill level 7 in Invocations
  2927 | D:8      | Noticed Grum
  2936 | D:8      | Reached ** piety under Makhleb
  2947 | D:8      | HP: 28/82 [Grum/glaive (12)]
  2956 | D:8      | Killed Grum
  3140 | D:8      | Found a staircase to the Lair.
  3167 | Lair:1   | Entered Level 1 of the Lair of Beasts
  3221 | Lair:1   | Reached skill level 8 in Invocations
  3232 | Lair:1   | HP: 31/82 [crocodile (9)]
  3280 | Lair:1   | Reached XP level 10. HP: 47/91 MP: 11/11
  3356 | Lair:1   | HP: 35/91 [yak (5)]
  3369 | Lair:1   | HP: 33/91 [yak (5)]
  3524 | Lair:1   | Reached skill level 9 in Invocations
  3526 | Lair:1   | HP: 34/91 [basilisk (9)]
  3740 | Lair:2   | HP: 33/91 [wolf (4)]
  3746 | Lair:2   | HP: 36/91 [yak (3)]
  3765 | Lair:2   | Reached skill level 10 in Axes
  3792 | Lair:2   | HP: 34/92 [yak (6)]
  3809 | Lair:2   | Noticed a spiny frog
  3818 | Lair:2   | Killed a spiny frog
  3818 | Lair:2   | Reached skill level 10 in Invocations
  3887 | Lair:2   | Noticed a spiny frog
  3892 | Lair:2   | Killed a spiny frog
  3922 | Lair:2   | Reached XP level 11. HP: 63/99 MP: 12/12
  3964 | Lair:2   | Reached *** piety under Makhleb
  4289 | Lair:2   | HP: 35/99 [electric eel/bolt of electricity (8)]
  4303 | Lair:2   | Found a staircase to the Shoals.
  4477 | Lair:3   | Reached skill level 11 in Invocations
  4531 | Lair:3   | HP: 35/100 [porcupine (1)]
  4564 | Lair:3   | HP: 40/100 [elephant (4)]
  4575 | Lair:3   | HP: 36/100 [elephant (4)]
  4585 | Lair:3   | HP: 17/100 [elephant (9)]
  4590 | Lair:3   | HP: 31/100 [elephant (8)]
  4869 | Lair:3   | HP: 35/100 [porcupine's spines (9)]
  4878 | Lair:3   | HP: 32/100 [yak (3)]
  4886 | Lair:3   | HP: 38/100 [yak (5)]
  5065 | Lair:3   | Noticed an oklob plant
  5194 | Lair:4   | HP: 40/100 [hippogriff (1)]
  5204 | Lair:4   | HP: 40/100 [wyvern (7)]
  5223 | Lair:4   | Reached skill level 12 in Invocations
  5245 | Lair:4   | Noticed a five-headed hydra
  5250 | Lair:4   | Reached XP level 12. HP: 75/109 MP: 14/14
  5259 | Lair:4   | Killed a five-headed hydra
  5294 | Lair:4   | Reached **** piety under Makhleb
  5349 | Lair:4   | HP: 38/110 [rime drake/flash freeze (24)]
  5372 | Lair:4   | Noticed a seven-headed hydra
  5423 | Lair:4   | HP: 42/110 [porcupine (2)]
  5429 | Lair:4   | Noticed a catoblepas
  5444 | Lair:4   | Killed a catoblepas
  5451 | Lair:4   | HP: 38/110 [komodo dragon (10)]
  5460 | Lair:4   | HP: 18/110 [komodo dragon (20)]
  5606 | Lair:4   | Noticed a four-headed hydra
  5611 | Lair:4   | HP: 39/110 [komodo dragon (13)]
  5628 | Lair:4   | Killed a four-headed hydra
  5720 | Lair:4   | HP: 35/110 [komodo dragon (13)]
  5725 | Lair:4   | HP: 22/110 [poisoned by a spiny frog]
  5797 | Lair:4   | Reached skill level 13 in Invocations
  5814 | Lair:4   | HP: 28/110 [yak (8)]
  5820 | Lair:4   | HP: 29/110 [yak (4)]
  5928 | Lair:4   | Killed a seven-headed hydra
  5963 | Lair:4   | Found a hole to the Spider Nest.
  6167 | Lair:5   | Noticed a six-headed hydra
  6172 | Lair:5   | Killed a six-headed hydra
  6176 | Lair:5   | Reached skill level 1 in Evocations
  6207 | Lair:5   | Reached skill level 10 in Shields
  6257 | Lair:5   | Reached skill level 10 in Armour
  6346 | Lair:5   | Reached XP level 13. HP: 87/118 MP: 14/14
  6824 | Lair:6   | Entered Level 6 of the Lair of Beasts
  6882 | Lair:6   | HP: 42/118 [spiny frog (7)]
  6885 | Lair:6   | Reached skill level 14 in Invocations
  6890 | Lair:6   | HP: 34/118 [blink frog (3)]
  7129 | Lair:6   | HP: 39/118 [tyrant leech (11)]
  7232 | Lair:6   | Found a staircase to the Slime Pits.
  7277 | Lair:6   | HP: 45/120 [spiny frog (7)]
  7420 | Lair:6   | HP: 46/120 [tyrant leech (20)]
  7426 | Lair:6   | HP: 45/120 [electric eel/bolt of electricity (1)]
  7434 | Lair:6   | HP: 46/120 [tyrant leech (10)]
  7439 | Lair:6   | HP: 23/120 [tyrant leech (3)]
  7453 | Lair:6   | HP: 48/120 [tyrant leech (4)]
  7591 | Lair:6   | Reached skill level 5 in Evocations
  7742 | Lair:6   | Got a scorched jade amulet
  7743 | Lair:6   | Identified the amulet of Xom's Fair Game {Spirit rElec rPois rN+ Dex+2} (You found it on level 6 of the Lair of Beasts)
  7952 | D:9      | Noticed Psyche
  7953 | D:9      | Noticed Psyche
  7953 | D:9      | Psyche changed into Psyche the big kobold
  7965 | D:9      | Killed Psyche the big kobold
  7993 | D:9      | Found a hide-covered altar of Uskayaw.
  8100 | D:10     | Entered Level 10 of the Dungeon
  8232 | D:11     | Reached skill level 15 in Invocations
  8344 | D:11     | Reached ***** piety under Makhleb
  8503 | D:11     | Found Podonat's Weapon Emporium.
  8503 | D:11     | Found a staircase to the Orcish Mines.
  8636 | D:12     | Noticed Daviar's ghost (journeyman DEFE)
  8665 | D:12     | Killed Daviar's ghost
  8665 | D:12     | Gained mutation: You resist negative energy. (rN+) [Deep Dwarf growth]
  8665 | D:12     | Reached XP level 14. HP: 112/129 MP: 0/13
  8708 | Orc:1    | Entered Level 1 of the Orcish Mines
  8708 | Orc:1    | Noticed Harold
  8729 | Orc:1    | Killed Harold
  9043 | Orc:2    | Entered Level 2 of the Orcish Mines
  9043 | Orc:2    | Found a staircase to the Elven Halls.
  9108 | Orc:2    | HP: 49/129 [orc warrior/glaive (20)]
  9148 | Orc:2    | HP: 47/129 [orc warrior/trident (20)]
  9154 | Orc:2    | HP: 25/129 [orc warrior/trident (8)]
  9154 | Orc:2    | HP: 11/129 [orc warrior/scimitar of holy wrath (14)]
  9213 | Orc:2    | Found Sifador's Jewellery Boutique.
  9213 | Orc:2    | Found Hiuvawat's Weapon Shoppe.
  9215 | Orc:2    | Found Eniemm's Armour Emporium.
  9217 | Orc:2    | Found Esoawuf's Assorted Antiques.
  9223 | Orc:2    | Bought 2 fuming inky potions for 66 gold pieces
  9223 | Orc:2    | Bought a pearl-encrusted plate armour for 1036 gold pieces
  9223 | Orc:2    | Bought a scroll labeled SYQUCOSIVU for 37 gold pieces
  9223 | Orc:2    | Bought a scroll labeled LETIMY WECVI for 37 gold pieces
  9246 | Orc:2    | Identified the +7 plate armour of the Trombone {rC- rCorr Str+3} (You bought it in a shop on level 2 of the Orcish Mines)
  9851 | Orc:2    | HP: 39/129 [orc warrior/dire flail (16)]
  9857 | Orc:2    | HP: 47/129 [orc warrior/dire flail (7)]
 10051 | Orc:2    | Bought a transparent steel ring for 185 gold pieces
 10052 | Orc:2    | Identified the ring "Vyppea" {+Fly Str+6 Int-3 Dex+6} (You bought it in a shop on level 2 of the Orcish Mines)
 10193 | D:12     | HP: 27/129 [very large slime creature (52)]
 10888 | D:13     | You fall through a shaft for 2 floors!
 10888 | D:15     | Entered Level 15 of the Dungeon
 10913 | D:15     | Reached skill level 1 in Dodging
 11027 | D:15     | HP: 36/129 [death knight/glaive (17)]
 11042 | D:15     | Reached skill level 16 in Invocations
 11173 | D:15     | Found a staircase to the Depths.
 11269 | D:14     | Noticed Sonja
 11279 | D:14     | Killed Sonja
 11279 | D:14     | Reached skill level 15 in Axes
 11347 | D:14     | Found a labyrinth entrance.
 11412 | D:14     | Found a gate to the Vaults.
 12178 | Spider:1 | Entered Level 1 of the Spider Nest
 12178 | Spider:1 | Noticed Azrael
 12196 | Spider:1 | Reached XP level 15. HP: 129/138 MP: 0/14
 12209 | Spider:1 | HP: 52/138 [something/damnation (41)]
 12221 | Spider:1 | Killed Azrael
 12347 | Spider:2 | Reached skill level 10 in Fighting
 12475 | Spider:4 | Entered Level 4 of the Spider Nest
 12968 | Spider:4 | Reached skill level 17 in Invocations
 13068 | Spider:4 | Killed a ghost moth
 13082 | Spider:4 | Killed a ghost moth
 13099 | Spider:4 | Killed a ghost moth
 13129 | Spider:4 | Got a gossamer rune of Zot
 13562 | Orc:2    | Bought a +1 helmet for 149 gold pieces
 13838 | Shoals:1 | Entered Level 1 of the Shoals
 13855 | Shoals:1 | Reached skill level 5 in Dodging
 14082 | Shoals:4 | Entered Level 4 of the Shoals
 14211 | Shoals:4 | Reached XP level 16. HP: 147/147 MP: 0/14
 14291 | Shoals:4 | HP: 49/147 [water nymph/the raging water (20)]
 14291 | Shoals:4 | HP: 14/147 [merfolk aquamancer/torrent of water (35)]
 14296 | Shoals:4 | HP: 23/147 [harpy (7)]
 14318 | Shoals:4 | Noticed Jorgrun
 14359 | Shoals:4 | Killed Jorgrun
 14508 | Shoals:4 | HP: 53/147 [satyr/arrow (11)]
 14514 | Shoals:4 | HP: 46/147 [satyr/arrow (9)]
 14517 | Shoals:4 | HP: 21/147 [satyr/arrow (15)]
 14631 | Shoals:4 | Noticed Ilsuiw
 14841 | Shoals:4 | Reached skill level 18 in Invocations
 14872 | Shoals:4 | HP: 51/148 [merfolk javelineer/javelin (12)]
 14928 | Shoals:4 | HP: 58/148 [merfolk impaler/trident of distortion (17)]
 14946 | Shoals:4 | HP: 56/148 [merfolk impaler/vampiric trident (10)]
 15003 | Shoals:4 | HP: 55/148 [harpy (5)]
 15008 | Shoals:4 | HP: 51/148 [harpy (4)]
 15018 | Shoals:4 | Reached skill level 10 in Evocations
 15025 | Shoals:4 | HP: 58/148 [harpy (6)]
 15029 | Shoals:4 | HP: 26/148 [merfolk aquamancer/torrent of water (32)]
 15124 | Shoals:4 | Got a barnacled rune of Zot
 15440 | Vaults:1 | Entered Level 1 of the Vaults
 15828 | Vaults:3 | Noticed a sphinx
 15851 | Vaults:3 | Noticed a Brimstone Fiend
 15988 | Vaults:3 | HP: 44/150 [two-headed ogre/giant club (18)]
 16010 | Vaults:3 | Slain by a titanic slime creature

Vault maps used:
D:1:      minmay_arrival_doors, minmay_tromino_i4
D:3:      uniq_natasha
D:4:      minmay_temple_entry_mist, first_ration, serial_shops, shop,
          nicolae_shop_waterfront, shop, shop, shop_fountains,
          uniq_blork_the_orc
D:5:      minmay_mini_ossuary, uniq_duvessa
D:7:      lemuel_crystal_altar, uniq_menkaure
D:8:      lair_entry_dummy, nicolae_ossuary_entry_catacombs, uniq_joseph,
          uniq_grum
D:9:      cheibrodos_helix_gallery, basic_altar, hangedman_little_slice_of_home,
          minmay_misc_feat_tiny, lightli_minifort, uniq_psyche
D:10:     uniq_erolcha
D:11:     orc_david_3
D:12:     serial_shops, shop_fountains, kennysheep_generic_room_3
D:14:     erik_vaults_1, lab_entry_generic, minmay_holes, uniq_sonja
D:15:     grunt_enter_depths_magical_seal
Temple:   kilobyte_greek_temple
Lair:2:   elwin_shoals_entry_rooms
Lair:3:   uniq_fannar
Lair:4:   nicolae_spider_entry_tight_spaces, portal_ice_cave_entry_ice_beasts,
          special_room, serial_bayou_pond_d, beast_lair_carwin_1,
          serial_bayou_shore_b
Lair:5:   serial_bayou_pond_c, minmay_stone_trees_medium
Lair:6:   minmay_lair_end_frog_pond, minmay_slime_entry_oklob_open
Shoals:2: uniq_polyphemus
Shoals:3: nicolae_shoals_drake_roost
Shoals:4: shoals_end_simple, shoal_ilsuiw, uniq_jorgrun
Spider:1: uniq_rupert, uniq_azrael, uniq_louise
Spider:2: spider_trap, uniq_arachne
Spider:4: grunt_spider_rune_circles, spider_trap, spiders_nest_hornet_nest
Orc:1:    statue_in_the_mist_lemuel, uniq_harold
Orc:2:    st_orc_rangers
Vaults:1: nicolae_vaults_circle_grid_b, vaults_dpeg_ring,
          ontoclasm_vaults_decontamination, ontoclasm_vaults_bender,
          nicolae_vaults_ring_of_whatevers, nicolae_vaults_three_branches,
          ontoclasm_vaults_spin, hangedman_vaults_cutoff, v_rooms_5, v_misc_10,
          vaults_room_stairs_pillars, grunt_vaults_diagonal,
          nicolae_vaults_asterisk, hangedman_vaults_locks, serial_shops,
          bzr_firewalk
Vaults:2: nicolae_vaults_inception_scallops, v_misc_14, st_cross,
          nicolae_vaults_little_squares_6, v_misc_13,
          vaults_room_stairs_pillars, v_misc_14, v_misc_26, vaults_dpeg_doors,
          v_misc_26, ontoclasm_vaults_loading_screen, vaults_room_fancy_cross,
          serial_shops, shop
Vaults:3: nicolae_vaults_network_barrier, nicolae_vaults_little_ls,
          blue_anna_dwarven_crypt, v_misc_25, v_misc_24, v_misc_12, st_lattice,
          v_misc_11, grunt_vaults_twisty, v_pattern_1,
          nicolae_vaults_angled_halls, vaults_room_boxed,
          nicolae_vaults_little_squares_6, ontoclasm_vaults_ligature,
          vaults_mumra_lcd, ontoclasm_vaults_ring_small,
          vaults_dpeg_encased_lava, basic_altar, uniq_xtahua, uniq_jory

Skill      XL: |  1  2  3  4  5  6  7  8  9 10 11 12 13 14 15 16 |
---------------+-------------------------------------------------+-----
Axes           | 3 4 5 6 8 9 10 11 13 14 15 16 | 16.9
Fighting       | 3 4 5 6 7 8 9 10 11 | 11.0
Armour         | 4 5 6 7 8 9 10 11 12 | 12.7
Shields        | 4 5 6 7 8 9 10 11 12 | 12.8
Invocations    | 2 6 8 10 12 13 15 16 17 18 | 18.6
Evocations     | 2 5 7 9 10 | 10.0
Dodging        | 3 5 7 |  7.0

Action                   |  1- 3 |  4- 6 |  7- 9 | 10-12 | 13-15 | 16-18 || total
-------------------------+-------+-------+-------+-------+-------+-------++-------
Melee: War axe           |    73 |   121 |   270 |       |  1236 |   421 ||  2121
       Hand axe          |       |       |    77 |   624 |   678 |       ||  1379
       Broad axe         |       |       |       |       |       |   269 ||   269
Invok: Lesser Servant of |       |       |       |    15 |    41 |    15 ||    71
       Greater Servant o |       |       |       |       |     4 |     1 ||     5
 Abil: Heal Wounds       |     2 |     5 |    12 |    13 |    22 |    18 ||    72
Evoke: Wand              |       |       |       |    12 |    25 |     7 ||    44
       Phantom mirror    |       |       |       |       |       |     1 ||     1
  Use: Scroll            |       |     4 |     7 |     2 |    20 |     5 ||    38
       Potion            |       |     1 |     2 |       |     2 |     6 ||    11
 Stab: Invisible         |       |       |    12 |       |       |       ||    12
       Distracted        |       |       |       |     4 |     9 |     5 ||    18
       Paralysed         |       |       |       |       |     9 |       ||     9
  Eat: Chunk             |       |     2 |     7 |    11 |    26 |       ||    46
       Ration            |       |       |       |       |     3 |     4 ||     7
Armor: Scale mail        |    29 |    54 |    36 |       |       |       ||   119
       Plate armour      |       |       |   119 |   297 |  1088 |   372 ||  1876
       Skin              |       |       |     5 |       |     1 |       ||     6
Dodge: Dodged            |    22 |    29 |    87 |   104 |   555 |   315 ||  1112
Block: Shield            |    32 |    72 |   211 |   312 |  1282 |   547 ||  2456

Table legend:
 A = Spawn XP
 B = Non-spawn XP
 C = Spawn XP percentage of total XP
 D = Spawn monster count
 E = Non-spawn monster count
 F = Spawn count percentage of total count
 G = Total turns spent on level
                    A         B        C        D         E        F      G
               +---------+---------+-------+---------+---------+-------+---------
         Total |       0 |  212761 |   0.0 |       0 |     816 |   0.0 | 16010
               +---------+---------+-------+---------+---------+-------+---------
           D:1 |       0 |      20 |   0.0 |       0 |      11 |   0.0 |   186
           D:2 |       0 |      37 |   0.0 |       0 |       7 |   0.0 |   138
           D:3 |       0 |     276 |   0.0 |       0 |      13 |   0.0 |   311
           D:4 |       0 |     330 |   0.0 |       0 |      11 |   0.0 |   415
           D:5 |       0 |     332 |   0.0 |       0 |      12 |   0.0 |   443
           D:6 |       0 |     576 |   0.0 |       0 |      23 |   0.0 |   566
           D:7 |       0 |     983 |   0.0 |       0 |      17 |   0.0 |   542
           D:8 |       0 |    2261 |   0.0 |       0 |      21 |   0.0 |   550
           D:9 |       0 |     536 |   0.0 |       0 |      13 |   0.0 |   351
          D:10 |       0 |    1751 |   0.0 |       0 |      11 |   0.0 |   242
          D:11 |       0 |    5880 |   0.0 |       0 |      37 |   0.0 |   698
          D:12 |       0 |    2196 |   0.0 |       0 |      12 |   0.0 |   248
          D:13 |       0 |    4181 |   0.0 |       0 |      20 |   0.0 |   602
          D:14 |       0 |    9050 |   0.0 |       0 |      36 |   0.0 |   580
          D:15 |       0 |   11129 |   0.0 |       0 |      25 |   0.0 |   330
        Lair:1 |       0 |    2718 |   0.0 |       0 |      16 |   0.0 |   716
        Lair:2 |       0 |    6525 |   0.0 |       0 |      34 |   0.0 |   851
        Lair:3 |       0 |    3590 |   0.0 |       0 |      15 |   0.0 |   721
        Lair:4 |       0 |   14279 |   0.0 |       0 |      67 |   0.0 |  1130
        Lair:5 |       0 |    7234 |   0.0 |       0 |      23 |   0.0 |   683
        Lair:6 |       0 |   17710 |   0.0 |       0 |      70 |   0.0 |   962
      Shoals:1 |       0 |    7429 |   0.0 |       0 |      17 |   0.0 |   197
      Shoals:2 |       0 |     750 |   0.0 |       0 |       2 |   0.0 |    51
      Shoals:3 |       0 |    2618 |   0.0 |       0 |       6 |   0.0 |    61
      Shoals:4 |       0 |   36073 |   0.0 |       0 |      71 |   0.0 |  1073
      Spider:1 |       0 |    7321 |   0.0 |       0 |      19 |   0.0 |   216
      Spider:2 |       0 |    5554 |   0.0 |       0 |      17 |   0.0 |   121
      Spider:3 |       0 |    4324 |   0.0 |       0 |      10 |   0.0 |   124
      Spider:4 |       0 |   21528 |   0.0 |       0 |      41 |   0.0 |   661
         Orc:1 |       0 |    1546 |   0.0 |       0 |       2 |   0.0 |   405
         Orc:2 |       0 |    9395 |   0.0 |       0 |     102 |   0.0 |  1130
      Vaults:1 |       0 |    6140 |   0.0 |       0 |      11 |   0.0 |   152
      Vaults:2 |       0 |    3734 |   0.0 |       0 |       6 |   0.0 |   100
      Vaults:3 |       0 |   14755 |   0.0 |       0 |      18 |   0.0 |   318
               +---------+---------+-------+---------+---------+-------+---------
